 Dungeon Crawl Stone Soup version 0.31-a0-176-g91f28db67f (webtiles) character file.

Game seed: 12452833160191716603

74 qw the Shooter (level 4, -5/40 HPs)
             Began as a Naga Hunter on June 17, 2023.
             Slain by Grinder (6 damage)
             ... on level 3 of the Dungeon.
             The game lasted 00:00:35 (1185 turns).

qw the Shooter (Naga Hunter)                        Turns: 1185, Time: 00:00:36

Health: -5/40      AC:  3    Str: 13    XL:     4   Next: 28%
Magic:  4/4        EV:  9    Int:  9    God:
Gold:   168        SH:  0    Dex: 17    Spells: 3/3 levels left

rFire   . . .        Y - +0 shortbow
rCold   . . .        (shield currently unavailable)
rNeg    . . .        c - +0 leather armour
rPois   +            (no helmet)
rElec   .            (no cloak)
rCorr   .            i - +0 pair of gloves
SInv    +            (no barding)
Will    .....        (no amulet)
Stlth   ++           (no ring)
HPRegen 0.26/turn    (no ring)
MPRegen 0.09/turn

%: no passive effects
@: short of breath, very slow
A: AC +1, large, see invisible, deformed body, poison resistance, slowness 2,
spit poison 1, naga tail 1
a: Spit Poison


You were on level 3 of the Dungeon.
You visited 1 branch of the dungeon, and saw 3 of its levels.

You collected 168 gold pieces.


Innate Abilities, Weirdness & Mutations

Your serpentine skin is tough. (AC +1)
You have supernaturally acute eyesight. (SInv)
Armour fits poorly on your strangely shaped body.
Your system is resistant to poisons. (rPois)
You cover ground very slowly.
You can spit poison.
You have a snake-like lower body.


   Skills:
 + Level 2.4 Fighting
 - Level 5.0 Ranged Weapons
 - Level 1.5 Dodging
 - Level 1.5 Stealth


You had 3 spell levels left.
You didn't know any spells.
Your spell library was empty.

Inventory:

Hand Weapons
 Y - a +0 shortbow (weapon)
Armour
 c - a +0 leather armour (worn)
 i - a +0 pair of gloves (worn)
Jewellery
 l - a ring of willpower
Scrolls
 a - 2 scrolls of poison {unknown}
 d - a scroll of identify
Potions
 b - a potion of haste {unknown}
 e - a potion of curing
 f - a potion of enlightenment
 g - a potion of magic {unknown}
 h - a potion of mutation {unknown}
 j - a potion of invisibility {unknown}
 k - a potion of attraction {unknown}

Dungeon Overview and Level Annotations

Branches:
Dungeon (3/15)

Altars:
Hepliaklqana
Xom
Yredelemnul

Annotations:
D:3 Grinder, Terence


Message History

Grinder hits you but does no damage.
1177 ||| INVOKING Spit Poison.
Aiming: Spit Poison (1% risk of failure)
Press: ? - help, Shift-Dir - straight line, f - goblin, p - Grinder The splash of poison hits the goblin.
You kill the goblin!
Grinder hits you but does no damage.
You shoot an arrow. The arrow barely misses Grinder.
Grinder hits you. The ball python bites you. Grinder closely misses you.
You shoot an arrow. The arrow hits Grinder.
Grinder is lightly wounded.
The ball python barely misses you. Grinder closely misses you.
The ball python bites you but does no damage.
You shoot an arrow. The arrow hits Grinder.
Grinder is lightly wounded.
You have got your breath back.
Grinder hits you but does no damage. The ball python closely misses you.
1181 ||| INVOKING Spit Poison.
Aiming: Spit Poison (1% risk of failure)
Press: ? - help, Shift-Dir - straight line, f - ball python, p - Grinder The splash of poison hits the ball python.
The ball python is severely wounded.
Grinder gestures at you.
You suddenly lose the ability to move!
The ball python bites you. The ball python bites you. Grinder hits you.
You writhe in agony.
You have got your breath back.
The ball python bites you but does no damage.
Grinder hits you.
You writhe in agony.
The ball python bites you.
You can move again.
1184 ||| INVOKING Spit Poison.
Aiming: Spit Poison (1% risk of failure)
Press: ? - help, Shift-Dir - straight line, f/p - ball python The splash of poison hits the ball python.
The ball python is poisoned.
You kill the ball python!
Grinder hits you.
You writhe in agony.
You shoot an arrow. The arrow hits Grinder.
Grinder is moderately wounded.
Terence barely misses you. Grinder hits you!
You writhe in agony.
You die...

#.... ....### #### ####
# #...# #### .....#
###... ....%.# ##....#
.<..... ###..#..#
......5#########......#.
.....)@@....:.......###.
......####.........(....
....................####
......###...........####
.... ##...........#...
#. ###..............## #
####...#..........####
...........##..#### #.
..############.## ##.


You could see Grinder and Terence.

Vanquished Creatures
  A gnoll (D:1)
  3 worms (D:2)
  A dart slug (D:2)
  6 ball pythons
  3 endoplasms
  2 giant cockroaches
  3 goblins
  7 hobgoblins
  7 kobolds (D:1)
  3 quokkas
  4 bats (D:2)
  3 frilled lizards
  5 rats
48 creatures vanquished.

Notes
Turn   | Place    | Note
-------+----------+-------------------------------------------
     0 | D:1      | qw the Naga Hunter began the quest for the Orb.
     0 | D:1      | Reached XP level 1. HP: 19/19 MP: 1/1
     0 | D:1      | 0 ||| qw: Version: 0.3-a-5-g6f28e65
     0 | D:1      | 0 ||| qw: Game counter: 444
     0 | D:1      | 0 ||| qw: Always use a shield: true
     0 | D:1      | 0 ||| qw: God list: Okawaru
     0 | D:1      | 0 ||| qw: Allow faded altars: false
     0 | D:1      | 0 ||| qw: Do Orc after D:15 true
     0 | D:1      | 0 ||| qw: Do second Lair branch before Depths: true
     0 | D:1      | 0 ||| qw: Lair rune preference: random
     0 | D:1      | 0 ||| qw: Plans: Normal
     0 | D:1      | 0 ||| PLANNING D:1-11
    22 | D:1      | 22 ||| INVOKING Spit Poison.
    31 | D:1      | 31 ||| INVOKING Spit Poison.
    42 | D:1      | 42 ||| INVOKING Spit Poison.
   111 | D:1      | 111 ||| INVOKING Spit Poison.
   112 | D:1      | Reached skill level 4 in Ranged Weapons
   112 | D:1      | Reached XP level 2. HP: 26/26 MP: 2/2
   124 | D:1      | 124 ||| INVOKING Spit Poison.
   152 | D:1      | 152 ||| INVOKING Spit Poison.
   186 | D:1      | 186 ||| INVOKING Spit Poison.
   187 | D:1      | 187 ||| INVOKING Spit Poison.
   241 | D:1      | 241 ||| INVOKING Spit Poison.
   245 | D:1      | 245 ||| INVOKING Spit Poison.
   290 | D:1      | 290 ||| INVOKING Spit Poison.
   312 | D:1      | 312 ||| INVOKING Spit Poison.
   315 | D:1      | 315 ||| INVOKING Spit Poison.
   316 | D:1      | Reached XP level 3. HP: 32/32 MP: 3/3
   350 | D:1      | 350 ||| INVOKING Spit Poison.
   466 | D:1      | 466 ||| UPGRADING to +0 pair of gloves.
   471 | D:1      | 471 ||| READING scroll labelled JOIGOS BOP ZOA.
   474 | D:1      | 474 ||| READING 2 scrolls labelled JEMUOS PUOPUCA.
   475 | D:1      | 475 ||| READING scroll labelled LORECU LUCZIA.
   476 | D:1      | 476 ||| READING scroll labelled JANOV ZULO TOMP.
   477 | D:1      | 477 ||| READING scroll labelled UNORGH TUAFUE.
   478 | D:1      | 478 ||| DROPPING scroll of butterflies.
   479 | D:1      | 479 ||| DROPPING scroll of summoning.
   487 | D:2      | 487 ||| INVOKING Spit Poison.
   492 | D:2      | 492 ||| INVOKING Spit Poison.
   544 | D:2      | 544 ||| INVOKING Spit Poison.
   547 | D:2      | 547 ||| INVOKING Spit Poison.
   550 | D:2      | 550 ||| INVOKING Spit Poison.
   553 | D:2      | 553 ||| INVOKING Spit Poison.
   577 | D:2      | 577 ||| INVOKING Spit Poison.
   581 | D:2      | 581 ||| INVOKING Spit Poison.
   602 | D:2      | 602 ||| INVOKING Spit Poison.
   636 | D:2      | 636 ||| INVOKING Spit Poison.
   642 | D:2      | 642 ||| INVOKING Spit Poison.
   644 | D:2      | Reached skill level 5 in Ranged Weapons
   644 | D:2      | Reached XP level 4. HP: 34/39 MP: 4/4
   668 | D:2      | Found a hazy altar of Hepliaklqana.
   919 | D:2      | 919 ||| INVOKING Spit Poison.
   945 | D:2      | 945 ||| INVOKING Spit Poison.
   987 | D:2      | 987 ||| READING scroll labelled ZYUFFO RYESM.
   988 | D:2      | 988 ||| READING scroll labelled COPTAZ HEMYUP.
  1055 | D:2      | 1055 ||| DRINKING 2 murky white potions.
  1056 | D:2      | 1056 ||| DRINKING 2 fizzy emerald potions.
  1074 | D:3      | Found a shimmering altar of Xom.
  1074 | D:3      | Found a hazy altar of Hepliaklqana.
  1079 | D:3      | Found a basalt altar of Yredelemnul.
  1085 | D:3      | 1085 ||| INVOKING Spit Poison.
  1116 | D:3      | 1116 ||| INVOKING Spit Poison.
  1137 | D:3      | 1137 ||| INVOKING Spit Poison.
  1172 | D:3      | Noticed Grinder
  1173 | D:3      | 1173 ||| INVOKING Spit Poison.
  1174 | D:3      | Noticed Terence
  1177 | D:3      | 1177 ||| INVOKING Spit Poison.
  1181 | D:3      | 1181 ||| INVOKING Spit Poison.
  1181 | D:3      | Paralysed by Grinder for 3 turns
  1184 | D:3      | 1184 ||| INVOKING Spit Poison.
  1184 | D:3      | HP: 9/40 [Grinder (4)]
  1185 | D:3      | HP: 1/40 [Grinder (8)]
  1185 | D:3      | Slain by Grinder

Levels and vault maps discovered:
D:1:      minmay_arrival_four_loops, layout_rooms
D:2:      minmay_recursive_quarters, layout_rooms, basic_altar
D:3:      layout_rooms, grunt_temple_overflow_open, uniq_terence, uniq_grinder

Skill      XL: |  1  2  3 |
---------------+----------+-----
Ranged Weapons | 4 5 |  5.0
Fighting       | |  2.4
Dodging        | |  1.5
Stealth        | |  1.5

Action                     |  1- 3 |  4- 6 || total
---------------------------+-------+-------++-------
   Fire: Shortbow          |    58 |    20 ||    78
Ability: Spit Poison       |    24 |     9 ||    33
    Use: Scroll            |     5 |     2 ||     7
         Potion            |       |     2 ||     2
 Armour: Leather armour    |     1 |     5 ||     6
  Dodge: Dodged            |     7 |     7 ||    14

Table legend:
 A = Non-vault XP
 B = Vault XP
 C = Vault XP percentage of total XP
 D = Non-vault monster count
 E = Vault monster count
 F = Vault count percentage of total count
                 A         B        C        D         E       F
            +---------+---------+-------+---------+---------+-------
      Total |      93 |      13 |  12.3 |      42 |       6 |  12.5
            +---------+---------+-------+---------+---------+-------
        D:1 |      53 |       0 |   0.0 |      25 |       0 |   0.0
        D:2 |      28 |      13 |  31.7 |      11 |       6 |  35.3
        D:3 |      12 |       0 |   0.0 |       6 |       0 |   0.0
            +---------+---------+-------+---------+---------+-------
